[Event "2021 m. Jauniu lyga. III etapas. A"]
[Site "Siauliai"]
[Date "2021.07.04"]
[Round "1.1"]
[White "Morkunas, Gustas"]
[Black "Vardanyan, Aras"]
[Result "0-1"]
[WhiteElo "1940"]
[BlackElo "2216"]
[PlyCount "70"]
[EventDate "2021.??.??"]
[TimeControl "8+4"]
[WhiteClock "0:00:09"]
[BlackClock "0:02:19"]

1. e4 c5 2. Nf3 e6 3. d4 cxd4 4. Nxd4 a6 5. Nc3 b5 6. Bd3 Bb7 7. O-O Nc6 8.
Be3 Nge7 9. f4 Nxd4 10. Bxd4 Nc6 11. Bf2 Be7 12. Qg4 O-O 13.
Rad1 Qc7 14. h4 Nb4 15. f5 Nxd3 16. cxd3 b4 17. Ne2 exf5 18.
Qxf5 g6 19. Qg4 d5 20. Rc1 Qb8 21. Bg3 Bd6 22. Bf2 dxe4 23. dxe4 Be5 24. b3 Qd8 25. Rfd1 Qf6 26. Nd4 Rad8 27. Nf3 Bf4 28. Rxd8 Rxd8 29. Re1 h5 30. Qh3 Bc8 31. Qh1 Bg4 32. e5 Qc6 33. Nd4 Qc3 34. Ne2 Bxe2 35.
Rxe2 Rd1+ 0-1

[Event "2021 m. Jauniu lyga. III etapas. A"]
[Site "Siauliai"]
[Date "2021.07.04"]
[Round "1.2"]
[White "Bagvilas, Lukas"]
[Black "Posaskov, Nikita"]
[Result "1-0"]
[WhiteElo "1973"]
[BlackElo "1862"]
[PlyCount "37"]
[EventDate "2021.??.??"]
[TimeControl "8+4"]
[WhiteClock "0:04:52"]
[BlackClock "0:00:26"]

1. e4 c6 2. d4 d5 3. exd5 cxd5 4. Bd3 Nc6 5. c3 Qc7 6. Ne2 Bg4 7. f3 Bh5 8.
Nf4 Nf6 9. g4 Bg6 10. g5 e5 11. Nxg6 hxg6 12. gxf6 e4 13. Qe2 Nxd4 14. Bb5+ Kd8 15. Bg5 Kc8 16. cxd4 Bb4+ 17. Nd2 gxf6 18. Bxf6 Rh3 19. O-O 1-0

[Event "2021 m. Jauniu lyga. III etapas. A"]
[Site "Siauliai"]
[Date "2021.07.04"]
[Round "1.3"]
[White "Salna, Aleksandras"]
[Black "Bagdanskis, Dangis"]
[Result "1-0"]
[WhiteElo "2134"]
[BlackElo "1897"]
[PlyCount "49"]
[EventDate "2021.??.??"]
[TimeControl "8+4"]
[WhiteClock "0:05:33"]
[BlackClock "0:00:19"]

1. d4 d5 2. c4 e6 3. Nc3 Nf6 4. Nf3 Nbd7 5. Bg5 h6 6. Bh4 Bb4 7. e3 g5 8. Bg3 Ne4 9. Nd2 Nxc3 10. bxc3 Bxc3 11. Rc1 Ba5 12. h4 c6 13.
hxg5 Qxg5 14. Bd3 h5 15. Kf1 h4 16. Nf3 Qg4 17. Rxh4 Rxh4 18. Bxh4 Bc7 19. Qe1 f5 20. cxd5 exd5 21. Qb4 Bd8 22. Bxd8 Kxd8 23. Qd6 Qh5 24. Kg1 Qf7 25. Ng5 1-0

[Event "2021 m. Jauniu lyga. III etapas. A"]
[Site "Siauliai"]
[Date "2021.07.04"]
[Round "2.1"]
[White "Posaskov, Nikita"]
[Black "Salna, Aleksandras"]
[Result "1-0"]
[WhiteElo "1862"]
[BlackElo "2134"]
[PlyCount "117"]
[EventDate "2021.??.??"]
[TimeControl "8+4"]
[WhiteClock "0:00:09"]
[BlackClock "0:00:22"]

1. d4 d5 2. Bf4 Nf6 3. e3 c5 4. c3 Nc6 5. Nf3 Qb6 6. Qb3 c4 7. Qc2 Bf5 8. Qc1 Nh5 9. Bg3 Nxg3 10. hxg3 e6 11. Nh4 Be4 12. Nd2 Be7 13. f3 Bd3 14. Bxd3 cxd3 15. f4 Na5 16. Qb1 Nc4 17. b3 Nxe3 18. Qxd3 Bxh4 19. Qxe3 Be7 20. f5 exf5 21. O-O Qe6 22. Rae1 O-O 23. Qf4 Bd6 24. Qxf5 Qxf5 25. Rxf5 Rfe8 26. Rxe8+ Rxe8 27. Rxd5 Bxg3 28. Ne4 Bf4 29. Nc5 b6 30. Nd3 Bd2 31. c4 g6 32. Kf2 Bc3 33. Rd7 Re4 34. d5 Bd4+ 35.
Kf1 g5 36. Rd8+ Kg7 37. d6 Re3 38. Nb4 Bc5 39. Nd5 Re6 40. d7 Rd6 41. b4 Bd4 42. Ke2 h5 43. Kd3 Bf2 44. Ke4 g4 45. Nf4 Bh4 46. Re8 Rxd7 47.
Nxh5+ Kg6 48. Nf4+ Kg7 49. Nh5+ Kh6 50. Rh8+ Kg5 51. g3 f5+ 52.
Ke5 Bxg3+ 53. Nxg3 Rc7 54. Rg8+ Kh4 55. Nxf5+ Kh3 56. Kd5 Rf7 57. Nh6 Rd7+ 58. Ke6 Rd4 59. Rxg4 1-0

[Event "2021 m. Jauniu lyga. III etapas. A"]
[Site "Siauliai"]
[Date "2021.07.04"]
[Round "2.2"]
[White "Vardanyan, Aras"]
[Black "Bagvilas, Lukas"]
[Result "1-0"]
[WhiteElo "2216"]
[BlackElo "1973"]
[PlyCount "126"]
[EventDate "2021.??.??"]
[TimeControl "8+4"]
[WhiteClock "0:01:46"]

1. Nf3 d5 2. c4 c6 3. e3 Nf6 4. Nc3 e6 5. b3 Nbd7 6. Bb2 e5 7. Qc2 e4 8. Nd4 Bc5 9. cxd5 cxd5 10. Na4 Be7 11. Nf5 O-O 12. Rc1 Nb6 13. Nxe7+ Qxe7 14. Be2 Nxa4 15. bxa4 Be6 16. O-O Rfc8 17. Qb1 Nd7 18. d3 Bf5 19. Bd4 Ne5 20. dxe4 Bxe4 21. Rxc8+ Rxc8 22. Rc1 Rxc1+ 23. Qxc1 Nc6 24. Bc5 Qg5 25. Bf1 h6 26. Qb2 b6 27. Bd6 Qg6 28. Bf4 Bd3 29. h3 Bxf1 30.
Kxf1 Qd3+ 31. Kg1 Qd1+ 32. Kh2 Qxa4 33. Qc3 Qc4 34. Qa3 Qb4 35. Qa6 Qc5 36. Qc8+ Kh7 37. Qf5+ Kg8 38. Qd7 d4 39. Qe8+ Kh7 40. exd4 Qxd4 41. Qxf7 Qf6 42. Qc4 Nd4 43. Bg3 Nf5 44. Bb8 a5 45.
a4 Ne7 46. f3 Nf5 47. Qe4 Kg8 48. Bc7 Ne7 49. f4 Kf8 50. Be5 Qe6 51. Qa8+ Kf7 52. Qb7 Kg6 53. Qe4+ Kf7 54. Qb1 Nd5 55. Qb5 Kg8 56. Bb8 Kf7 57. Qc4 Kg8 58. Be5 Kf7 59. Qd4 Nb4 60. Bxg7 Nd5 61. Be5 Ne7 62. Qd8 Ng6 63. Bc7 Kg7 1-0

[Event "2021 m. Jauniu lyga. III etapas. A"]
[Site "Siauliai"]
[Date "2021.07.04"]
[Round "2.3"]
[White "Povilaitis, Tomas"]
[Black "Morkunas, Gustas"]
[Result "1/2-1/2"]
[WhiteElo "2024"]
[BlackElo "1940"]
[PlyCount "59"]
[EventDate "2021.??.??"]
[TimeControl "8+4"]
[WhiteClock "0:00:07"]
[BlackClock "0:00:16"]

1. e4 c5 2. Nc3 a6 3. f4 b5 4. d4 cxd4 5. Qxd4 e6 6. Be3 Nc6 7. Qd2 Bb7 8.
Nf3 Qc7 9. Be2 d6 10. O-O Nf6 11. h3 Be7 12. Rad1 b4 13. Na4 Nxe4 14. Qe1 d5 15. Bd3 Nf6 16. Bb6 Qxf4 17. Nc5 Qb8 18. Ng5 Bc8 19. Na4 h6 20. Nf3 O-O 21. Nd4 Nxd4 22. Bxd4 Qc7 23. Qe3 Bb7 24. Be5 Qc6 25. Bxf6 Bxf6 26. Rxf6 gxf6 27. Qxh6 f5 28. Qg5+ Kh7 29. Qh5+ Kg7 30. Qg5+ 1/2-1/2

[Event "2021 m. Jauniu lyga. III etapas. A"]
[Site "Siauliai"]
[Date "2021.07.04"]
[Round "3.1"]
[White "Bagvilas, Lukas"]
[Black "Povilaitis, Tomas"]
[Result "1-0"]
[WhiteElo "1973"]
[BlackElo "2024"]
[PlyCount "89"]
[EventDate "2021.??.??"]
[TimeControl "8+4"]
[WhiteClock "0:02:31"]

1. e4 c5 2. Nc3 Nc6 3. Bb5 Nd4 4. Nf3 Nxb5 5. Nxb5 g6 6. d4 a6 7. Nc3 cxd4 8. Qxd4 Nf6 9. e5 Nh5 10. e6 f6 11. exd7+ Qxd7 12. Nd5 e5 13.
Qc4 b5 14. Nc7+ Kd8 15. Qd5 Qxd5 16. Nxd5 Be6 17. Nc3 Bc5 18. Be3 Bxe3 19. fxe3 Ke7 20. O-O-O Rhd8 21. Rhf1 Bc4 22. Rg1 Ng7 23. b3 Be6 24. Kb2 Rxd1 25. Rxd1 Rd8 26. Rxd8 Kxd8 27. e4 Kc7 28. Nd5+ Bxd5 29. exd5 Nf5 30. c4 bxc4 31. bxc4 Ne3 32. Kc3 Nxg2 33. Nd2 f5 34. Nf3 Kd6 35. Ng5 Kc5 36. Ne6+ Kd6 37. Ng5 e4 38. Kd4 e3 39. c5+ Kd7 40. Kd3 f4 41. Nf3 h6 42. Ne5+ Kc7 43. d6+ Kc8 44. c6 f3 45.
d7+ 1-0

[Event "2021 m. Jauniu lyga. III etapas. A"]
[Site "Siauliai"]
[Date "2021.07.04"]
[Round "3.2"]
[White "Salna, Aleksandras"]
[Black "Vardanyan, Aras"]
[Result "0-1"]
[WhiteElo "2134"]
[BlackElo "2216"]
[PlyCount "72"]
[EventDate "2021.??.??"]
[TimeControl "8+4"]
[WhiteClock "0:03:15"]
[BlackClock "0:02:29"]

1. d4 Nf6 2. c4 e6 3. Nc3 d5 4. Nf3 a6 5. cxd5 exd5 6. Bg5 Be6 7. Bxf6 Qxf6 8. Qb3 b6 9. e3 Qd8 10. Rc1 Bd6 11. Be2 O-O 12. O-O Nc6 13. Qd1 Ne7 14. a3 Ng6 15. b4 Re8 16. Bd3 Nh4 17. Ne5 Qg5 18. g3 Nf5 19. f4 Qh6 20.
Nxd5 Bxd5 21. Bxf5 g6 22. Bd3 f6 23. e4 fxe5 24. dxe5 Bxe5 25. exd5 Bd6 26. Qf3 Re7 27. Rfe1 Rae8 28. Re6 Qg7 29. Rce1 Qd4+ 30. Qe3 Qxe3+ 31. R1xe3 a5 32. Bb5 Rxe6 33. dxe6 Re7 34. bxa5 Bc5 35. Kf2 bxa5 36. Kf3 Bxe3 0-1

[Event "2021 m. Jauniu lyga. III etapas. A"]
[Site "Siauliai"]
[Date "2021.07.04"]
[Round "3.3"]
[White "Bagdanskis, Dangis"]
[Black "Posaskov, Nikita"]
[Result "1-0"]
[WhiteElo "1897"]
[BlackElo "1862"]
[PlyCount "119"]
[EventDate "2021.??.??"]
[TimeControl "8+4"]
[WhiteClock "0:00:31"]
[BlackClock "0:01:34"]

1. d4 c5 2. d5 e5 3. c4 d6 4. Nc3 g6 5. Nf3 Bg7 6. Bg5 f6 7. Bh4 Ne7 8. e4 O-O 9. Bd3 Na6 10. a3 Nc7 11. Qc2 a6 12. b4 b6 13. bxc5 bxc5 14. Rb1 Bg4 15.
Nd2 Rb8 16. O-O g5 17. Bg3 Qd7 18. f3 Bh5 19. Na4 Bg6 20. Rb6 f5 21. Rfb1 Rxb6 22. Rxb6 fxe4 23. Nxe4 Nc8 24. Rb7 h6 25. Nexc5 dxc5 26. Bxg6 g4 27. Nxc5 Qe7 28. Rxc7 Qxc7 29. Ne6 Qa5 30. Nxf8 Bxf8 31. Bh7+ Kh8 32. Bxe5+ Bg7 33. Bxg7+ Kxg7 34. Qg6+ Kf8 35.
Qxh6+ Ke8 36. Qe3+ Kd8 37. fxg4 Nd6 38. c5 Nc4 39. Qg5+ Kc8 40.
Bf5+ Kb8 41. Qg8+ Ka7 42. Qf7+ Kb8 43. Qe8+ Ka7 44. Qd7+ Kb8 45. Qe8+ Ka7 46. Qe7+ Kb8 47. h4 Qd2 48. Qe8+ Ka7 49. Qe7+ Kb8 50.
Qe4 Ne3 51. Qf4+ Ka7 52. Qc7+ Ka8 53. Qc6+ Ka7 54. Qb6+ Ka8 55.
Qxa6+ Kb8 56. Qb5+ Ka8 57. Qa4+ Kb8 58. Qb4+ Qxb4 59. axb4 Nxd5 60. b5 1-0

[Event "2021 m. Jauniu lyga. III etapas. A"]
[Site "Siauliai"]
[Date "2021.07.04"]
[Round "4.1"]
[White "Vardanyan, Aras"]
[Black "Bagdanskis, Dangis"]
[Result "1-0"]
[WhiteElo "2216"]
[BlackElo "1897"]
[PlyCount "65"]
[EventDate "2021.??.??"]
[TimeControl "8+4"]
[WhiteClock "0:03:26"]
[BlackClock "0:00:05"]

1. c4 e6 2. Nc3 Nf6 3. e4 d5 4. e5 d4 5. exf6 dxc3 6. bxc3 Qxf6 7. d4 b6 8.
Be2 Bb7 9. Bf3 Bxf3 10. Nxf3 Bd6 11. O-O O-O 12. Re1 Nd7 13. a4 Rfe8 14. a5 e5 15. Qa4 Nf8 16. axb6 cxb6 17. Qb5 e4 18. Ng5 a6 19. Qd5 Rad8 20. Qb7 e3 21. Rxe3 Qxg5 22. Rxe8 Qh5 23. Re1 Qxh2+ 24. Kf1 Qh1+ 25. Ke2 Re8+ 26. Be3 Qh5+ 27. Qf3 Qg6 28. Kd2 a5 29. Bf4 Bxf4+ 30. Qxf4 Rd8 31. g3 Ne6 32. Qe4 Nc5 33. Qe8+ 1-0

[Event "2021 m. Jauniu lyga. III etapas. A"]
[Site "Siauliai"]
[Date "2021.07.04"]
[Round "4.2"]
[White "Povilaitis, Tomas"]
[Black "Salna, Aleksandras"]
[Result "0-1"]
[WhiteElo "2024"]
[BlackElo "2134"]
[PlyCount "164"]
[EventDate "2021.??.??"]
[TimeControl "8+4"]
[WhiteClock "0:01:02"]
[BlackClock "0:01:26"]

1. e4 c5 2. Nc3 Nc6 3. Bb5 Nd4 4. Bc4 e6 5. Nge2 a6 6. d3 Nc6 7. a4 Nf6 8.
O-O d5 9. Bb3 Be7 10. exd5 exd5 11. Nf4 d4 12. Ncd5 Nxd5 13. Nxd5 O-O 14. Nf4 Bd6 15. Qh5 Qf6 16. Nd5 Qf5 17. Qxf5 Bxf5 18. Bf4 Bxf4 19. Nxf4 Rfe8 20. Rfe1 Kf8 21. h3 a5 22. g4 Bd7 23. Nd5 Rxe1+ 24. Rxe1 Re8 25. Rxe8+ Bxe8 26. f4 Nb4 27. Nb6 Ke7 28. Nc4 Nc6 29. Kf2 f6 30. Nb6 Nb4 31. Ke2 h5 32. c3 Nc6 33. Bd5 hxg4 34. hxg4 dxc3 35. bxc3 Nd8 36. Bb3 Bd7 37. Kf3 Bc6+ 38. Ke3 Bh1 39. g5 fxg5 40. fxg5 Ne6 41. g6 Nd8 42. Nd5+ Bxd5 43. Bxd5 Kf6 44. Be4 b6 45. d4 Ne6 46. dxc5 Nxc5 47. Bc2 Ke5 48. Bd1 Kd5 49. Bc2 Kc4 50. Kd2 Nb3+ 51. Bxb3+ Kxb3 52. Kd3 Kxa4 53. Kc4 Ka3 54. Kd5 b5 55. Ke6 b4 56. cxb4 axb4 57. Kf7 b3 58. Kxg7 b2 59. Kh8 b1=Q 60. g7 Qb2 61. Kh7 Qh2+ 62. Kg6 Qg3+ 63. Kf7 Qf4+ 64. Kg6 Qg4+ 65. Kf7 Qf5+ 66. Ke8 Qg6+ 67. Kf8 Qf6+ 68. Kg8 Kb4 69. Kh7 Qh4+ 70. Kg6 Qg4+ 71. Kh7 Qh5+ 72. Kg8 Kc5 73. Kf8 Qf5+ 74. Ke7 Qg6 75.
Kf8 Qf6+ 76. Kg8 Kd5 77. Kh7 Qh4+ 78. Kg6 Qg4+ 79. Kf7 Qf5+ 80.
Ke8 Kd6 81. g8=Q Qd7+ 82. Kf8 Qe7# 0-1

[Event "2021 m. Jauniu lyga. III etapas. A"]
[Site "Siauliai"]
[Date "2021.07.04"]
[Round "4.3"]
[White "Morkunas, Gustas"]
[Black "Bagvilas, Lukas"]
[Result "0-1"]
[WhiteElo "1940"]
[BlackElo "1973"]
[PlyCount "120"]
[EventDate "2021.??.??"]
[TimeControl "8+4"]
[WhiteClock "0:00:08"]
[BlackClock "0:00:31"]

1. e4 c6 2. d4 d5 3. exd5 cxd5 4. Bd3 Nc6 5. c3 Nf6 6. h3 g6 7. Nf3 Bf5 8.
Be2 Bg7 9. O-O O-O 10. Bf4 Re8 11. Nbd2 Nd7 12. Re1 Nb6 13. Bf1 Rc8 14. Rc1 h5 15. b4 Nd7 16. b5 Na5 17. c4 dxc4 18. Nxc4 Nxc4 19. Bxc4 Nb6 20. Bb3 Nd5 21. Rxc8 Bxc8 22. Bh2 Bf5 23. Ne5 Be6 24. Qf3 Rf8 25.
Qe2 Bc8 26. Qf3 e6 27. Rc1 b6 28. Nc6 Qd7 29. Bxd5 exd5 30. Qxd5 Qxd5 31. Ne7+ Kh8 32. Nxd5 Bxd4 33. Ne7 Bc5 34. Nd5 Rd8 35. Be5+ Kh7 36. Nf6+ Kh6 37. Ne4 Rd5 38. Bf4+ Kg7 39. Bg3 Be6 40. Nc3 Rd2 41. a4 Bf5 42. Be5+ f6 43. Bg3 Kf7 44. a5 bxa5 45. Na4 Bb6 46. Nc3 Bc2 47. Kh2 g5 48. h4 Bxf2 49. Bxf2 Rxf2 50. hxg5 fxg5 51. Ra1 a4 52. Nxa4 Be4 53. Rg1 Rc2 54. b6 axb6 55. Nxb6 Ke6 56. Kg3 Kf5 57. Rf1+ Kg6 58. Rg1 h4+ 59. Kg4 Rc3 60. Rf1 Rg3# 0-1

[Event "2021 m. Jauniu lyga. III etapas. A"]
[Site "Siauliai"]
[Date "2021.07.04"]
[Round "5.1"]
[White "Salna, Aleksandras"]
[Black "Morkunas, Gustas"]
[Result "1-0"]
[WhiteElo "2134"]
[BlackElo "1940"]
[PlyCount "95"]
[EventDate "2021.??.??"]
[TimeControl "8+4"]
[WhiteClock "0:04:30"]
[BlackClock "0:00:11"]

1. d4 Nf6 2. Bf4 g6 3. e3 Bg7 4. Nf3 d6 5. h3 O-O 6. Be2 Nbd7 7. O-O Qe8 8.
Bh2 e5 9. c3 Qe7 10. a4 a5 11. Na3 Ne8 12. Rc1 e4 13. Nd2 f5 14. b4 g5 15. Nac4 axb4 16. cxb4 d5 17. Ne5 Nxe5 18. Bxe5 Bxe5 19. dxe5 Qxe5 20. b5 Be6 21. Nb3 b6 22. Nd4 Bd7 23. Nc6 Qd6 24. Qd4 f4 25.
exf4 gxf4 26. Rfd1 f3 27. Qxd5+ Qxd5 28. Rxd5 Bxc6 29. Bc4 Kh8 30. bxc6 Nd6 31. Rxd6 cxd6 32. c7 Rxa4 33. Be6 Raa8 34. c8=Q Raxc8 35. Rxc8 Rxc8 36. Bxc8 fxg2 37. Bb7 Kg7 38.
Bxe4 h6 39. Kxg2 Kf6 40. f4 b5 41. Kf3 b4 42. Ke3 Ke6 43. Kd4 b3 44. Kc3 d5 45. Bd3 Kf6 46. Kxb3 h5 47. Kc3 h4 48. Kd4 1-0

[Event "2021 m. Jauniu lyga. III etapas. A"]
[Site "Siauliai"]
[Date "2021.07.04"]
[Round "5.2"]
[White "Bagdanskis, Dangis"]
[Black "Povilaitis, Tomas"]
[Result "0-1"]
[WhiteElo "1897"]
[BlackElo "2024"]
[PlyCount "69"]
[EventDate "2021.??.??"]
[TimeControl "8+4"]
[BlackClock "0:00:12"]

1. e4 c5 2. Nf3 Nc6 3. d4 cxd4 4. Nxd4 e5 5. Nb5 d6 6. N1c3 a6 7. Bg5 f6 8.
Be3 axb5 9. Nd5 Ra4 10. b4 Rxb4 11. Nxb4 Nxb4 12. Bxb5+ Bd7 13.
Bxd7+ Qxd7 14. c3 Nc6 15. Rb1 Nge7 16. O-O Na5 17. Bb6 Nc4 18. Qd3 Qc6 19. Be3 Nc8 20. Rb4 Nxe3 21. Qxe3 d5 22. exd5 Qxd5 23. Rd4 Qc6 24. f4 Bc5 25. fxe5 Bxd4 26. cxd4 O-O 27. Qb3+ Kh8 28. Kh1 Rd8 29. exf6 gxf6 30. Qf7 Rg8 31. d5 Qb6 32. h3 Na7 33. Rxf6 Qb2 34. Rf2 Qg7 35. Qf4 0-1

[Event "2021 m. Jauniu lyga. III etapas. A"]
[Site "Siauliai"]
[Date "2021.07.04"]
[Round "5.3"]
[White "Posaskov, Nikita"]
[Black "Vardanyan, Aras"]
[Result "0-1"]
[WhiteElo "1862"]
[BlackElo "2216"]
[PlyCount "57"]
[EventDate "2021.??.??"]
[TimeControl "8+4"]
[BlackClock "0:05:48"]

1. d4 Nf6 2. c4 Nc6 3. Nf3 e6 4. Nc3 Bb4 5. e3 O-O 6. Bd3 d6 7. O-O e5 8. d5 Nb8 9. Qc2 Bxc3 10. bxc3 Nbd7 11. Bf5 Nb6 12. Bxc8 Qxc8 13. c5 Nbxd5 14. Ba3 dxc5 15. c4 Nb4 16. Bxb4 cxb4 17. Nxe5 Qe6 18. Nd3 a5 19. Rfb1 Rfd8 20. a3 Qe4 21. Rd1 c5 22. axb4 axb4 23. Rxa8 Rxa8 24. Qb3 b6 25. Nf4 h5 26. f3 Qe5 27. Re1 Ra3 28. Qd1 Rxe3 29. Kf1 0-1

[Event "2021 m. Jauniu lyga. III etapas. A"]
[Site "Siauliai"]
[Date "2021.07.04"]
[Round "6.1"]
[White "Povilaitis, Tomas"]
[Black "Posaskov, Nikita"]
[Result "1-0"]
[WhiteElo "2024"]
[BlackElo "1862"]
[PlyCount "65"]
[EventDate "2021.??.??"]
[TimeControl "8+4"]
[WhiteClock "0:04:25"]
[BlackClock "0:00:06"]

1. e4 c5 2. Nc3 Nc6 3. Bb5 Nd4 4. Bc4 e6 5. Nge2 a6 6. d3 Ne7 7. O-O Nec6 8.
f4 Be7 9. Ng3 b5 10. Bb3 a5 11. a4 Nxb3 12. cxb3 b4 13. Nb1 d6 14. Qg4 Bf6 15. Nd2 Nd4 16. Nc4 Nxb3 17. Rb1 Nxc1 18. Rbxc1 Ba6 19. e5 Bxc4 20. exf6 Bxd3 21. Qxg7 Rf8 22. Rfe1 c4 23. Ne4 Bxe4 24. Rxe4 d5 25. Re5 Qb6+ 26. Kh1 O-O-O 27. f5 Qd4 28. fxe6 Qxe5 29. e7 Qe6 30. exf8=Q Qe3 31. Qg4+ Kc7 32. Qxf7+ Kc6 33. Qfe6+ 1-0

[Event "2021 m. Jauniu lyga. III etapas. A"]
[Site "Siauliai"]
[Date "2021.07.04"]
[Round "6.2"]
[White "Morkunas, Gustas"]
[Black "Bagdanskis, Dangis"]
[Result "1-0"]
[WhiteElo "1940"]
[BlackElo "1897"]
[PlyCount "69"]
[EventDate "2021.??.??"]
[TimeControl "8+4"]
[WhiteClock "0:01:02"]
[BlackClock "0:00:58"]

1. e4 c6 2. d4 d5 3. exd5 cxd5 4. Bd3 Nc6 5. c3 Nf6 6. h3 g6 7. Bf4 Bf5 8.
Be2 Bxb1 9. Rxb1 Bg7 10. Nf3 Ne4 11. O-O O-O 12. Re1 e6 13. Bf1 Rc8 14. Nd2 Nd6 15. b4 a6 16. a4 Ne7 17. Qf3 Qd7 18. Nb3 Ne4 19. Nc5 Nxc5 20.
bxc5 Qxa4 21. Rxb7 Nc6 22. Bd6 Na5 23. Rb4 Qa3 24. Bxf8 Rxf8 25. Bxa6 Bxd4 26. Rxd4 Nb3 27. Rb4 Nxc5 28. Bf1 Ne4 29. Rexe4 dxe4 30. Rxe4 Rb8 31. Rd4 Kg7 32. Rd7 Rf8 33. Qd3 Qc1 34. Qd4+ Kh6 35.
Qd2+ 1-0

[Event "2021 m. Jauniu lyga. III etapas. A"]
[Site "Siauliai"]
[Date "2021.07.04"]
[Round "6.3"]
[White "Bagvilas, Lukas"]
[Black "Salna, Aleksandras"]
[Result "1-0"]
[WhiteElo "1973"]
[BlackElo "2134"]
[PlyCount "59"]
[EventDate "2021.??.??"]
[TimeControl "8+4"]
[WhiteClock "0:04:56"]
[BlackClock "0:02:54"]

1. e4 c5 2. Nc3 Nc6 3. Bb5 Nd4 4. Nf3 a6 5. Bc4 e6 6. d3 b5 7. Bb3 Nc6 8. O-O d6 9. a4 b4 10. Ne2 Nf6 11. h3 Be7 12. Nh2 d5 13. e5 Nxe5 14. d4 Nc6 15.
dxc5 Bxc5 16. Bg5 O-O 17. Nf4 h6 18. Nd3 Bd4 19. Bh4 a5 20.
Ng4 Ba6 21. c3 bxc3 22. bxc3 Bxd3 23. Qxd3 Bc5 24. Bxf6 gxf6 25.
Nxh6+ Kh8 26. Bc2 f5 27. Nxf5 Ne5 28. Qe2 Qf6 29. Qh5+ Kg8 30.
Ne7+ 1-0

[Event "2021 m. Jauniu lyga. III etapas. A"]
[Site "Siauliai"]
[Date "2021.07.04"]
[Round "7.1"]
[White "Bagdanskis, Dangis"]
[Black "Bagvilas, Lukas"]
[Result "0-1"]
[WhiteElo "1897"]
[BlackElo "1973"]
[PlyCount "48"]
[EventDate "2021.??.??"]
[TimeControl "8+4"]
[WhiteClock "0:00:06"]
[BlackClock "0:02:54"]

1. d4 d5 2. Bf4 e6 3. Nf3 Nf6 4. e3 c5 5. c4 Nc6 6. cxd5 Nxd5 7. Bg5 Qb6 8.
b3 cxd4 9. exd4 Bb4+ 10. Nbd2 Nc3 11. Qc1 Nxd4 12. a3 Nxb3 13.
Nxb3 Na2+ 14. axb4 Nxc1 15. Nxc1 Qxb4+ 16. Bd2 Qb2 17. Ra2 Qb6 18. Ba5 Qc6 19. Nd3 Bd7 20. Be2 Qd5 21. Nc1 Rc8 22. O-O Rxc1 23. Rxc1 Qxa2 24. Bb5 Qxa5 0-1

[Event "2021 m. Jauniu lyga. III etapas. A"]
[Site "Siauliai"]
[Date "2021.07.04"]
[Round "7.2"]
[White "Posaskov, Nikita"]
[Black "Morkunas, Gustas"]
[Result "1-0"]
[WhiteElo "1862"]
[BlackElo "1940"]
[PlyCount "61"]
[EventDate "2021.??.??"]
[TimeControl "8+4"]
[WhiteClock "0:02:39"]
[BlackClock "0:00:10"]

1. Nc3 Nf6 2. e4 e5 3. Nf3 Nc6 4. d4 exd4 5. Nxd4 Bb4 6. Nxc6 bxc6 7. Bd3 O-O 8. O-O d6 9. Bg5 h6 10. Bh4 Qe7 11. Qf3 g5 12. Bg3 Bg4 13.
Qe3 Bc5 14. Qe1 Rae8 15. Na4 Bb6 16. Nxb6 cxb6 17. f3 Bh5 18. Qc3 Rc8 19. Rae1 Nd7 20. e5 dxe5 21. Bxe5 Nxe5 22. Rxe5 Qd6 23. Rfe1 Bg6 24. Bc4 b5 25. Bb3 c5 26. Bd5 Qb6 27. h4 c4+ 28. Kh1 Qf2 29. hxg5 hxg5 30. Qe3 Qxe3 31. R1xe3 1-0

[Event "2021 m. Jauniu lyga. III etapas. A"]
[Site "Siauliai"]
[Date "2021.07.04"]
[Round "7.3"]
[White "Vardanyan, Aras"]
[Black "Povilaitis, Tomas"]
[Result "1-0"]
[WhiteElo "2216"]
[BlackElo "2024"]
[PlyCount "77"]
[EventDate "2021.??.??"]
[TimeControl "8+4"]
[WhiteClock "0:04:24"]
[BlackClock "0:00:05"]

1. Nc3 Nf6 2. e4 d5 3. e5 d4 4. exf6 dxc3 5. fxg7 cxd2+ 6. Bxd2 Bxg7 7. Bd3 Nc6 8. Nf3 Bg4 9. h3 Bh5 10. Bc3 Bxc3+ 11. bxc3 e6 12. Rb1 Rb8 13. Be4 Qxd1+ 14. Kxd1 Bxf3+ 15. Bxf3 Ke7 16. Rb5 f6 17. Ke2 Nd8 18. Rd1 b6 19. a4 a6 20. Rh5 Nf7 21. a5 Ne5 22. Be4 f5 23.
Bd3 bxa5 24. Ra1 Nc6 25. g4 f4 26. g5 e5 27. Be4 Rb6 28. Rxh7+ Rxh7 29. Bxh7 Rb8 30. Be4 Kd6 31. Rd1+ Kc5 32. Rd5+ Kb6 33. g6 Rh8 34. g7 Rg8 35. Rd7 Nb8 36. Rf7 Nc6 37. Bh7 Rd8 38. Rf8 a4 39.
Rxd8 1-0